 Dungeon Crawl Stone Soup version 0.31-a0-879-g1609e0ac53 (webtiles) character file.

Game seed: 17261730704449969193

6246 ders the Geomancer (level 10, 0/50 HPs)
             Began as a Gargoyle Earth Elementalist on Oct 14, 2023.
             Was a Priest of Vehumet.
             Slain by a killer bee (10 damage)
             ... on level 9 of the Dungeon.
             The game lasted 00:13:58 (7640 turns).

ders the Geomancer (Gargoyle Earth Elementalist)    Turns: 7640, Time: 00:13:59

Health: 0/50       AC: 16    Str: 13    XL:     10   Next: 93%
Magic:  12/23      EV: 12    Int: 17    God:    Vehumet [***...]
Gold:   486        SH:  0    Dex: 16    Spells: 19/27 levels left

rFire   + . .        A - +9 whip of Kindness {holy, rF+}
rCold   . . .        (no shield)
rNeg    + . .        z - +0 steam dragon scales
rPois   ∞            (no helmet)
rElec   +            (no cloak)
rCorr   .            j - +2 pair of gloves
SInv    .            t - +0 pair of boots
Will    .....        d - amulet of magic regeneration
Stlth   ++           r - ring of wizardry
HPRegen 0.28/turn    m - +6 ring of dexterity
MPRegen 0.58/turn

%: wizardry (x1)
@: no status effects
A: sickness immunity, AC +7, negative energy resistance 1, electricity
resistance, torment resistance 1, petrification resistance, dopey 1
a: Renounce Religion


You were on level 9 of the Dungeon.
You worshipped Vehumet.
Vehumet was most pleased with you.
You visited 1 branch of the dungeon, and saw 9 of its levels.

You collected 568 gold pieces.
You spent 82 gold pieces at shops.

Inventory:

Hand Weapons
 e - a +0 short sword
 f - a +1 short sword of venom
 A - the +9 whip of Kindness (weapon) {holy, rF+}
   (You found it on level 6 of the Dungeon)

   rF+:       It protects you from fire.
Missiles
 o - 3 throwing nets
Armour
 a - a +1 robe
 j - a +2 pair of gloves (worn)
 t - a +0 pair of boots (worn)
 u - a +0 troll leather armour {Pargi}
 z - +0 steam dragon scales (worn)
Jewellery
 d - an amulet of magic regeneration (around neck)
 i - a ring of flight
 m - a +6 ring of dexterity (right hand)
 p - a ring of positive energy
 r - a ring of wizardry (left hand)
 w - the ring "Oqyk" {Fly rPois rF- Dex+2 SInv}
   (You found it on level 4 of the Dungeon)

   [ring of poison resistance]

   Dex+2:     It affects your dexterity (+2).
   rF-:       It makes you vulnerable to fire.
   rPois:     It protects you from poison SInv: It lets you see invisible.
   Fly:       It grants you flight.
Talismans
 c - a flux talisman
 x - a beast talisman
Wands
 k - a wand of mindburst (7)
 s - a wand of flame (14)
 C - a wand of iceblast (18)
 E - a wand of acid (5)
Scrolls
 h - 7 scrolls of identify
 y - a scroll of enchant armour
 F - a scroll of acquirement {unknown}
 G - a scroll of blinking
Potions
 b - 2 potions of magic
 l - a potion of enlightenment
 n - 3 potions of might {unknown}
 q - 4 potions of attraction {unknown}
 v - a potion of mutation
 B - a potion of degeneration {unknown}
 D - a potion of cancellation {unknown}


   Skills:
 - Level 1.5 Dodging
 - Level 2.1 Stealth
 + Level 9.0 Spellcasting
 + Level 10.1 Conjurations
 - Level 0.7 Transmutations
 + Level 11.6 Earth Magic


You had 19 spell levels left.
You knew the following spells:

 Your Spells              Type           Power      Damage    Failure   Level
a - Sandblast             Erth           94%        2d19      1%          1
b - Stone Arrow           Conj/Erth      88%        3d12      1%          3
c - Brom's Barrelling Bo  Conj/Erth      44%        2d6       1%          4

Your spell library contained the following spells:

 Spells                   Type           Power      Damage    Failure   Level
 Searing Ray              Conj           84%        2d7       1%          2
 Passwall                 Tmut/Erth      23%        N/A       1%          2
 Dazzling Flash           Conj/Hex       48%        N/A       1%          3
 Petrify                  Tmut/Erth      28%        N/A       3%          4
 Irradiate                Conj/Tmut      13%        3d16      3%          5
 Arcjolt                  Conj/Air       12%        1d22      4%          5
 Gell's Gravitas          Tloc           7%         N/A       12%         3
 Ozocubu's Armour         Ice            7%         N/A       12%         3
 Teleport Other           Tloc           7%         N/A       12%         3
 Vhi's Electric Charge    Tloc/Air       14%        N/A       34%         4
 Agony                    Necr           7%         N/A       67%         5
 Silence                  Hex/Air        3%         N/A       67%         5
 Plasma Beam              Fire/Air       3%         2x1d13    73%         6
 Dispersal                Tloc           3%         N/A       99%         6
 Ozocubu's Refrigeration  Ice            3%         4d8       99%         7
 Sublimation of Blood     Necr           Unusable   N/A       N/A         2

Dungeon Overview and Level Annotations

Branches:
Dungeon (9/15)             Temple (0/1) D:6
   Lair: D:8-11         Orc: D:9-12

Altars:
Cheibriados
Fedhas
Gozag
Hepliaklqana
Makhleb
Qazlal
Sif Muna
Uskayaw
Vehumet
Xom
Yredelemnul

Shops:
D:2 [?   D:3 =   D:7 [=


Innate Abilities, Weirdness & Mutations

You are immune to sickness and miasma.
Your stone body is resilient. (AC +7)
You are immune to poison.
You resist negative energy. (rN+)
You are resistant to electric shocks. (rElec)
You are resistant to unholy torment.
You are immune to petrification.
You are dopey. (Int -2)


Message History

The queen bee is moderately wounded.
The bolt of acid hits the killer bee!
The killer bee is heavily wounded.
The killer bee barely misses you. The killer bee closely misses you.
Aiming: Corrosive Bolt
Press: ? - help, Shift-Dir - straight line, f - killer bee, p - killer bee
Aim: a killer bee (43% to hit)
The bolt of acid misses the killer bee.
The bolt of acid hits the killer bee!
The killer bee is severely wounded.
The bolt of acid hits the queen bee!
The acid corrodes the queen bee!
The queen bee is heavily wounded.
The bolt of acid misses the killer bee.
The bolt of acid hits the killer bee!
The acid corrodes the killer bee!
The killer bee is severely wounded.
The killer bee stings you.
The queen bee calls on the killer bee to defend it!
The killer bee goes berserk!
The killer bee barely misses you. The killer bee stings you!
The killer bee attacks as it pursues you!
The killer bee stings you but does no damage. x3
The killer bee stings you but does no damage.
The killer bee stings you! The killer bee stings you!
* * * LOW HITPOINT WARNING * * *
The killer bee completely misses you.
Casting: Stone Arrow (safe; 1% risk of failure)
Confirm with . or Enter, or press ? or * to list all spells.
Aiming: Stone Arrow (safe; 1% risk of failure)
Press: ? - help, Shift-Dir - straight line, f - killer bee, p - killer bee
Aim: a killer bee (heavily wounded, berserk, 51% to hit)
The stone arrow misses the killer bee.
The killer bee closely misses you.
The killer bee stings you but does no damage. x2
Unknown command.
You feel better. The killer bee stings you!
* * * LOW HITPOINT WARNING * * *
The killer bee barely misses you. x2
You feel better.
The killer bee stings you but does no damage.
The killer bee stings you!
You die...

#.# #........# . #.#
#........## yyyy#####.#
#..........
#yyy.yy.#####......####
######yy........)).....
#y#########.###### #y#
#.........# #y#
#.##.####.#
#@######.##.####.#
#......#.#....##.#
######.#.#..#.##.#
#(#.........#
#.###..#....#
#.<.......#.#
#....)....#.#
#########.)##.#.#
........)...#.#.#


You could see a queen bee (corroded) and 6 killer bees.

Vanquished Creatures
  A two-headed ogre (D:8)
  Pikel (D:4)
  An unseen horror zombie (D:8)
  A troll (D:9)
  Sigmund (D:2)
  2 wyverns (D:8)
  A steam dragon (D:6)
  4 black bears
  Pargi (D:3)
  An ice beast (D:6)
  3 sky beasts
  An ogre (D:5)
  A centaur (D:8)
  A phantom (D:4)
  4 kobold brigands
  2 bullfrogs
  2 gnoll sergeants
  3 scorpions
  9 wights
  13 killer bees
  2 centaur zombies (D:8)
  4 jellies
  4 orc priests
  9 hounds
  An iguana (D:5)
  2 sleepcaps
  Natasha (thrice) (D:3)
  5 orc wizards
  3 killer bee zombies (D:8)
  2 howler monkey zombies (D:8)
  24 gnolls
  4 adders
  2 ufetubi (D:6)
  2 worms
  3 dart slugs
  19 orcs
  9 endoplasms
  4 giant cockroaches
  9 goblins
  12 hobgoblins
  9 jackals
  21 kobolds
  5 quokkas
  6 ball pythons
  9 bats
  14 frilled lizards
  A rat (D:2)
241 creatures vanquished.

Notes
Turn   | Place    | Note
-------+----------+-------------------------------------------
     0 | D:1      | ders the Gargoyle Earth Elementalist began the quest for
                  | the Orb.
     0 | D:1      | Reached XP level 1. HP: 10/10 MP: 3/3
   193 | D:1      | Reached XP level 2. HP: 6/15 MP: 0/5
   270 | D:1      | Reached skill level 1 in Conjurations
   481 | D:1      | Reached skill level 4 in Earth Magic
   631 | D:1      | Reached XP level 3. HP: 19/19 MP: 2/6
  1153 | D:1      | Reached XP level 4. HP: 24/24 MP: 0/8
  1700 | D:2      | Noticed Sigmund
  1705 | D:2      | Gained mutation: You occasionally lose the ability to read
                  | scrolls when taking damage. [potion of mutation]
  1705 | D:2      | Gained mutation: You are dopey. (Int -2) [potion of
                  | mutation]
  1705 | D:2      | Lost mutation: You occasionally lose the ability to read
                  | scrolls when taking damage. [potion of mutation]
  1709 | D:2      | HP: 1/24 [Sigmund/magic dart (10)]
  1838 | D:2      | Killed Sigmund
  1839 | D:2      | Reached skill level 5 in Earth Magic
  1839 | D:2      | Reached XP level 5. HP: 9/28 MP: 6/10
  1839 | D:2      | Reached XP level 6. HP: 10/32 MP: 6/11
  2054 | D:2      | Found Zubuel's Antique Armour Boutique.
  2286 | D:2      | Identified the +0 ring mail "Estadoemp" {Harm rC+ Stlth+}
  2441 | D:2      | Found The Oracle's Delphic Readings.
  2445 | D:2      | Bought a scroll of blinking for 82 gold pieces
  2636 | D:3      | Found Woani's Jewellery Emporium.
  2672 | D:3      | Noticed Natasha
  2675 | D:3      | Killed Natasha
  2713 | D:3      | Found a faded altar of an unknown god.
  2805 | D:3      | Noticed Natasha
  2814 | D:3      | Killed Natasha
  2991 | D:3      | Noticed Natasha
  3005 | D:3      | Killed Natasha
  3053 | D:3      | Learned a level 3 spell: Stone Arrow
  3058 | D:3      | Learned a level 4 spell: Brom's Barrelling Boulder
  3095 | D:4      | Noticed a black bear
  3132 | D:3      | Reached skill level 6 in Earth Magic
  3132 | D:3      | Reached XP level 7. HP: 36/36 MP: 4/13
  3205 | D:4      | Noticed Pikel
  3205 | D:4      | Noticed Pargi
  3212 | D:3      | Killed Pargi
  3260 | D:4      | Killed Pikel
  3261 | D:4      | Reached skill level 5 in Spellcasting
  3261 | D:4      | Reached skill level 5 in Conjurations
  3261 | D:4      | Reached skill level 7 in Earth Magic
  3261 | D:4      | Reached XP level 8. HP: 41/41 MP: 6/16
  3327 | D:4      | Found an opulent altar of Gozag.
  3396 | D:4      | Identified the ring "Oqyk" {Fly rPois rF- Dex+2 SInv}
  3442 | D:4      | Reached skill level 8 in Earth Magic
  3719 | D:4      | Found a radiant altar of Vehumet.
  3727 | D:4      | Became a worshipper of Vehumet
  3764 | D:4      | Noticed a +0 hand axe
  3765 | D:4      | Noticed a +0 dagger
  3766 | D:4      | Found a hide-covered altar of Uskayaw.
  3977 | D:5      | Entered Level 5 of the Dungeon
  4005 | D:5      | Reached XP level 9. HP: 45/45 MP: 10/18
  4229 | D:5      | Found a shimmering blue altar of Sif Muna.
  4443 | D:5      | Found a hazy altar of Hepliaklqana.
  4445 | D:5      | Reached skill level 9 in Earth Magic
  4899 | D:6      | Found a staircase to the Ecumenical Temple.
  4945 | D:6      | Reached * piety under Vehumet
  4945 | D:6      | Offered knowledge of Kiss of Death by Vehumet.
  5008 | D:6      | Found a burning altar of Makhleb.
  5010 | D:6      | Found a stormy altar of Qazlal.
  5180 | D:6      | Found a shimmering altar of Xom.
  5205 | D:6      | Identified the +9 whip of Kindness {holy, rF+}
  5502 | D:7      | Found Aguiggax's Jewellery Emporium.
  5608 | D:7      | Found Lyariys's Antique Armour Shoppe.
  5753 | D:7      | Reached skill level 10 in Earth Magic
  5772 | D:7      | Reached XP level 10. HP: 46/50 MP: 15/21
  5824 | D:7      | Offered knowledge of Foxfire by Vehumet.
  5850 | D:7      | Reached ** piety under Vehumet
  6442 | D:8      | Noticed a two-headed ogre
  6445 | D:8      | Killed a two-headed ogre
  6619 | D:8      | Found a snail-covered altar of Cheibriados.
  6619 | D:8      | Found a blossoming altar of Fedhas.
  6813 | D:8      | Reached skill level 11 in Earth Magic
  6856 | D:8      | Offered knowledge of Searing Ray by Vehumet.
  6891 | D:8      | Found a basalt altar of Yredelemnul.
  7359 | D:9      | Reached *** piety under Vehumet
  7546 | D:9      | Reached skill level 10 in Conjurations
  7640 | D:9      | Slain by a killer bee

Illustrated notes

Levels and vault maps discovered:
D:1:      shiori_arrival_maze, layout_loops_ring
D:2:      layout_loops_ring, serial_shops, nicolae_shop_rolling_square,
          chequers_serial_rivers_micro_b, nicolae_nh_oracle_at_delphi,
          uniq_sigmund
D:3:      layout_rooms, serial_shops, shop,
          shapermc_ecumenical_altar_hornbeckon, minmay_lizard_king, uniq_natasha
D:4:      layout_rooms, nicolae_gozag_cash_rules_everything_around_me,
          dancing_weapons_uskayaw, nicolae_vehumet_altar_sigil, uniq_pikel,
          uniq_pargi
D:5:      layout_cave_pods, old_standard_altar, mainiacjoe_overflow_brackets
D:6:      layout_gridville, xom_butterflies, grunt_temple_overflow_open,
          minmay_temple_entry_ruins
D:7:      layout_loops_corners, serial_shops, nicolae_shop_gibbet_a_chance,
          shop, minmay_misc_feat_more_columns
D:8:      layout_loops_ring, gammafunk_temple_overflow_elements,
          mainiacjoe_overflow_six_doors_small, serial_undead, serial_undead_e,
          serial_undead_d, serial_undead_b, serial_undead_a, serial_undead_f
D:9:      layout_basic, special_room [special_room_bee]

Skill      XL: |  1  2  3  4  5  6  7  8  9 10 |
---------------+-------------------------------+-----
Conjurations   | 1 2 3 4 5 6 8 10 | 10.1
Earth Magic    | 4 5 6 7 8 10 11 | 11.6
Spellcasting   | 3 4 5 6 7 9 |  9.0
Dodging        | |  1.5
Stealth        | |  2.1
Transmutations | |  0.7

Action                     |  1- 3 |  4- 6 |  7- 9 | 10-12 || total
---------------------------+-------+-------+-------+-------++-------
  Melee: Unarmed           |     6 |       |       |       ||     6
         Short sword       |    14 |    18 |     9 |       ||    41
         Punch             |     1 |     1 |       |       ||     2
         Whip              |       |       |       |     1 ||     1
   Cast: Sandblast         |    45 |   105 |    49 |    33 ||   232
         Stone Arrow       |       |     3 |   100 |    71 ||   174
  Evoke: Wand              |       |       |       |     2 ||     2
    Use: Scroll            |       |     7 |     2 |       ||     9
         Potion            |       |     3 |       |     4 ||     7
 Armour: Robe              |    24 |    54 |    14 |       ||    92
         Troll leather arm |       |       |    38 |       ||    38
         Steam dragon scal |       |       |     9 |    57 ||    66
  Dodge: Dodged            |    25 |    48 |    34 |    42 ||   149

Table legend: (Time is in decaauts)
 A = Elapsed time spent in this place.
 B = Non-inter-level travel time spent in this place.
 C = Inter-level travel time spent in this place.
 D = Time resting spent in this place.
 E = Time spent auto-exploring this place.
 F = Levels seen in this place.
 G = Mean time per level.
                   A        B        C        D        E       F      G
               +--------+--------+--------+--------+--------+-----+--------+
         Total |   7744 |   7383 |    361 |    801 |   5232 |   9 |  860.4 |
       Dungeon |   7744 |   7383 |    361 |    801 |   5232 |   9 |  860.4 |
               +--------+--------+--------+--------+--------+-----+--------+

Top non-repeatable levels by time:
     D:1: 1317 daAuts
     D:2: 1219 daAuts
     D:8: 978 daAuts
     D:3: 907 daAuts
     D:7: 871 daAuts
     D:5: 866 daAuts
     D:6: 640 daAuts
     D:4: 609 daAuts
     D:9: 334 daAuts
